 Dungeon Sprint DCSS version 0.26-a0-61-g6c07f0ee8d (webtiles) character file.

Game seed: 3919655571814057835

13470 Apogee the Eclecticist (level 11, -11/63 HPs)
             Began as a Spriggan Enchanter on June 10, 2020.
             Was the Champion of Jiyva.
             Killed by divine providence
             ... invoked by a meliai
              (15 damage)
             ... in the Dungeon (Sprint I: "Red Sonja").
             The game lasted 00:36:54 (2400 turns).

Apogee the Eclecticist (Spriggan Enchanter)         Turns: 2400, Time: 00:36:55

Health: -11/63     AC:  3    Str:  8    XL:     11   Next: 76%
Magic:  28/34      EV: 30    Int: 19    God:    Jiyva [******]
Gold:   1497       SH:  0    Dex: 16    Spells: 31/47 levels left

rFire    . . .     SeeInvis +   l - +6 spear of Currency {drain, rC+ rN+}
rCold    + . .     Gourm    .   (shield restricted)
rNeg     + . .     Faith    .   k - +0 troll leather armour
rPois    .         Spirit   .   (helmet restricted)
rElec    .         Reflect  .   (no cloak)
rCorr    +         Harm     .   (gloves unavailable)
MR       ++...     NoTele   +   (boots unavailable)
Stlth    +++++++...             (no amulet)
HPRegen  0.60/turn              c - ring of wizardry
MPRegen  0.24/turn              m - ring of protection from magic

@: very quick
A: very small, unfitting armour, claws 1, thin skeletal structure 1, see
invisible, herbivore, speed 3, slow metabolism 2, gelatinous body 1, pseudopods
2
a: Request Jelly, Slimify, Cure Bad Mutation, Renounce Religion


You were in the Dungeon.
You worshipped Jiyva.
Jiyva was exalted by your worship.
You were completely stuffed.

You visited 1 branch You collected 1992 gold pieces.
You spent 495 gold pieces at shops.

Inventory:

Hand Weapons
 a - a +1 dagger
 l - the +6 spear of Currency (weapon) {drain, rC+ rN+}
   (You found it in the Dungeon)

   A truly terrible weapon, it drains the life of those it strikes.
   It protects you from cold.
   It protects you from negative energy.
Missiles
 f - a throwing net (quivered)
Armour
 b - a +0 robe
 k - a +0 troll leather armour (worn)
Jewellery
 c - a ring of wizardry (left claw)
 m - a ring of protection from magic (right claw)
Scrolls
 j - a scroll of blinking {!r}
 p - a scroll of amnesia
Potions
 e - a potion of curing
 g - a potion of haste
 h - 2 potions of magic
 i - a potion of berserk rage {!q}
Comestibles
 d - 4 rations


   Skills:
 - Level 10.0 Fighting
 - Level 9.2 Short Blades
 + Level 14.5 Dodging
 - Level 16.4 Stealth
 + Level 18.6 Spellcasting
 - Level 10.1 Hexes
 - Level 15.9 Translocations


You had 31 spell levels left.
You knew the following spells:

 Your Spells              Type           Power        Failure   Level  Hunger
a - Confusing Touch       Hex            ######..     1%          3    None
b - Ensorcelled Hibernat  Hex/Ice        #####.       1%          2    None
c - Tukima's Dance        Hex            ######..     1%          3    None
d - Dazzling Flash        Conj/Hex       #####.       1%          3    None
e - Slow                  Hex            ######..     1%          2    None
f - Blink                 Tloc           N/A          0%          2    None
v - Corona                Hex            ######.      1%          1    None

Your spell library contained the following spells:

 Spells                   Type           Power        Failure   Level  Hunger
 Magic Dart               Conj           ###.         1%          1    None
 Call Imp                 Summ           ###.....     2%          2    None
 Conjure Flame            Conj/Fire      ###.....     6%          3    None
 Mephitic Cloud           Conj/Pois/Air  ###.....     6%          3    None
 Ozocubu's Armour         Chrm/Ice       ###.....     6%          3    None
 Orb of Destruction       Conj           ###.......   100%        7    ######.
 Spellforged Servitor     Conj/Summ      ###.......   100%        7    ######.


Dungeon Overview and Level Annotations

Branches:
Dungeon (1/1)

Altars:
Cheibriados
Dithmenos
Elyvilon
Fedhas
Gozag
Hepliaklqana
Kikubaaqudgha
Makhleb
Nemelex Xobeh
Okawaru
Qazlal
Ru
Sif Muna
Trog
Uskayaw
Vehumet
Wu Jian
Xom
Yredelemnul
Zin
The Shining One
Jiyva
Lugonu

Shops:
D (*[(*[((=:[*[**[[}*[[[

Annotations:
D exclusion: oklob plant


Innate Abilities, Weirdness & Mutations

You are very small and have problems with some larger weapons.
You are too small for most types of armour.
You have supernaturally acute eyesight. (SInv)
You are a herbivore.
You cover ground extremely quickly.
You need to consume almost no food.
You have sharp fingernails.
You have a somewhat thin skeletal structure. (Dex +2, Stealth)
Your rubbery body absorbs attacks. (AC +1, EV +1)
Armour fits poorly on your large pseudopods.


Message History

Your Dodging skill increases to level 14!
There is an open door here.
You now have 1497 gold pieces (gained 8).
d - 4 rations (gained 1)
You start resting.
You are engulfed in freezing vapours.
You sense an unholy aura.
l - the +6 spear of Currency (weapon)
{drain, rC+ rN+} You are engulfed in freezing vapours.
You resist.
You are engulfed in freezing vapours.
You resist.
There is an open door here.
You are engulfed in freezing vapours.
You resist.
You are engulfed in freezing vapours.
You resist.
* * * LOW HITPOINT WARNING * * *
The meliai calls down the wrath of its god upon you.
Something smites you!
* * * LOW HITPOINT WARNING * * *
The meliai invokes the aid of its god against you.
Something smites you!
You die...

_#......#..#§...+§.§§§§'..#^^+§§§
....#..)##.#§####§.§..##..n^^#§§.
_####...J..#§#.###.§§#######.#$§§
##.§#####.§§§#.#.###+# #..#§§§
§≈.§#§§##'####^..#y#§# #.n##§§
§§§§§§§#.○°°.#...###.. #..≈###
§§§§#.§#°°°.°+.....##§# #..≈..#
§#####'###°○°#^....# .## #..≈.##
§§.###.'.#^..###@'## ##.. #..≈##§
§###.###.#..###..## .###..W#.§
.....∩##§#°°####..### #P≈..##..
########§##+#..#..#.### #M≈..#...
......##.# #..○○○°○..# ###..#...
......§§§####......°..# #.'..##.^
..######§#..'......#### #^##'##..
....§§§#§#####...### #.#)≈≈##.
...§.§#.§# ##### # #≈≈≈≈##


You could see a meliai.

Vanquished Creatures
  A golden dragon (D)
  A shadow dragon (D)
  A deep elf annihilator (D)
  A lorocyproca (D)
  A hydra (D)
  Sonja (D)
  An oklob plant (D)
  A merfolk siren (D)
  A demonic crawler (D)
  A hellwing (D)
  A kobold demonologist (D)
  4 hornets (D)
  A slime creature (D)
  Sigmund (D)
  11 hogs (D)
  A redback (D)
  A yak (D)
  An ogre (D)
  A jelly (D)
  Ijyb (D)
33 creatures vanquished.

Vanquished Creatures (collateral kills)
  2 centaur warriors (D)
  A deep troll (D)
  2 gargoyles (D)
  A hornet (D)
  A redback (D)
  2 hogs (D)
9 creatures vanquished.

Vanquished Creatures (others)
  the Lernaean hydra (D)
  A deep elf master archer (D)
  3 unseen horrors (D)
  A lindwurm (D)
  8 shining eyes (D)
  A merfolk siren (D)
  A kobold demonologist (D)
  2 demonic crawlers (D)
  2 dancing weapons (D)
  7 floating eyes (D)
  7 necrophages (D)
  45 jellies (D)
  2 ballistomycete spores (D)
81 creatures vanquished.

Grand Total: 123 creatures vanquished

Notes
Turn   | Place    | Note
-------+----------+-------------------------------------------
     0 | D        | Apogee the Spriggan Enchanter began the quest for the Orb.
     0 | D        | Reached XP level 1. HP: 9/9 MP: 5/5
     1 | D        | Noticed Ijyb
    39 | D        | Killed Ijyb
    39 | D        | Reached XP level 2. HP: 12/13 MP: 6/6
    52 | D        | Noticed an ogre
    60 | D        | Killed an ogre
    60 | D        | Reached XP level 3. HP: 16/16 MP: 8/8
    60 | D        | Reached XP level 4. HP: 21/21 MP: 9/9
    65 | D        | Learned a level 3 spell: Confusing Touch
    68 | D        | Learned a level 2 spell: Ensorcelled Hibernation
    77 | D        | Noticed Sigmund
    80 | D        | Killed Sigmund
    80 | D        | Reached skill level 7 in Spellcasting
    80 | D        | Reached XP level 5. HP: 24/24 MP: 10/16
    85 | D        | Learned a level 3 spell: Tukima's Dance
    96 | D        | Found an ornate altar of the Wu Jian Council.
    96 | D        | Found a shimmering blue altar of Sif Muna.
    98 | D        | Found a radiant altar of Vehumet.
   102 | D        | Reached skill level 8 in Spellcasting
   102 | D        | Reached XP level 6. HP: 28/28 MP: 13/18
   112 | D        | Learned a level 3 spell: Dazzling Flash
   123 | D        | Found Mirepp's Antique Weapon Emporium.
   123 | D        | Found an ancient bone altar of Kikubaaqudgha.
   123 | D        | Found a hazy altar of Hepliaklqana.
   123 | D        | Found a stormy altar of Qazlal.
   123 | D        | Found a hide-covered altar of Uskayaw.
   123 | D        | Found a blossoming altar of Fedhas.
   123 | D        | Found a bloodstained altar of Trog.
   123 | D        | Found an iron altar of Okawaru.
   123 | D        | Found a basalt altar of Yredelemnul.
   123 | D        | Found a glowing golden altar of the Shining One.
   123 | D        | Found a snail-covered altar of Cheibriados.
   123 | D        | Found a sacrificial altar of Ru.
   123 | D        | Found a glowing silver altar of Zin.
   123 | D        | Found a shadowy altar of Dithmenos.
   123 | D        | Found a white marble altar of Elyvilon.
   123 | D        | Noticed a yak
   124 | D        | Found an opulent altar of Gozag.
   125 | D        | Killed a yak
   125 | D        | Reached skill level 9 in Spellcasting
   125 | D        | Reached skill level 10 in Hexes
   128 | D        | Found a sparkling altar of Nemelex Xobeh.
   136 | D        | Found a viscous altar of Jiyva.
   136 | D        | Found a corrupted altar of Lugonu.
   136 | D        | Noticed a slime creature
   137 | D        | Found a burning altar of Makhleb.
   137 | D        | Found a shimmering altar of Xom.
   147 | D        | Killed a slime creature
   147 | D        | Reached XP level 7. HP: 8/32 MP: 16/21
   151 | D        | Became a worshipper of Jiyva Jouk the Shapeless
   159 | D        | Killed an unseen horror
   161 | D        | Reached * piety under Jiyva
   161 | D        | Reached ** piety under Jiyva
   168 | D        | Reached *** piety under Jiyva
   168 | D        | Gained mutation: You have a small jelly attached to you
                  | that may absorb incoming projectiles. [Jiyva's grace]
   168 | D        | Gained mutation: You have a pair of small antennae on your
                  | head. [Jiyva's grace]
   168 | D        | Reached **** piety under Jiyva
   168 | D        | Reached ***** piety under Jiyva
   168 | D        | Gained mutation: You evolve. [Jiyva's grace]
   168 | D        | Gained mutation: You possess an exceptional clarity of
                  | mind. [Jiyva's grace]
   168 | D        | Gained mutation: You are partially covered in iridescent
                  | scales. (AC +2) [Jiyva's grace]
   170 | D        | Reached ****** piety under Jiyva
   170 | D        | Lost mutation: You have a small jelly attached to you that
                  | may absorb incoming projectiles. [Jiyva's grace]
   172 | D        | Gained mutation: You have an increased reservoir of magic.
                  | (+10% MP) [Jiyva's grace]
   175 | D        | Gained mutation: Your flesh is cold resistant. (rC+)
                  | [Jiyva's grace]
   177 | D        | Noticed Sonja
   179 | D        | Noticed a shining eye
   179 | D        | Noticed a shining eye
   179 | D        | Gained mutation: Your translucent skin slightly reduces
                  | your foes' accuracy. (Stealth) [Jiyva's grace]
   181 | D        | Killed Sonja
   181 | D        | Reached skill level 14 in Spellcasting
   181 | D        | Reached XP level 8. HP: 36/36 MP: 24/29
   181 | D        | Lost mutation: Your translucent skin slightly reduces your
                  | foes' accuracy. (Stealth) [Jiyva's grace]
   182 | D        | Gained mutation: Your mind is acute. (Int +2) [Jiyva's
                  | grace]
   182 | D        | Lost mutation: You evolve. [Jiyva's grace]
   184 | D        | Noticed a shining eye
   185 | D        | Found Besiraosk's Antique Weapon Boutique.
   185 | D        | Noticed a shining eye
   186 | D        | Noticed a shining eye
   186 | D        | Noticed a shining eye
   194 | D        | Noticed a shining eye
   196 | D        | Noticed a shining eye
   198 | D        | Gained mutation: Your rubbery body absorbs attacks. (AC +1,
                  | EV +1) [Jiyva's grace]
   199 | D        | Found Zoptumme's Antique Armour Emporium.
   199 | D        | Found Avorph's Armour Boutique.
   201 | D        | Found Funab's General Store.
   202 | D        | Found Qoarchen's Assorted Antiques.
   222 | D        | Lost mutation: You possess an exceptional clarity of mind.
                  | [Jiyva's grace]
   237 | D        | Lost mutation: You are partially covered in iridescent
                  | scales. (AC +2) [Jiyva's grace]
   243 | D        | Lost mutation: Your flesh is cold resistant. (rC+) [Jiyva's
                  | grace]
   252 | D        | Gained mutation: Your system is resistant to poisons.
                  | (rPois) [Jiyva's grace]
   264 | D        | Killed an unseen horror
   264 | D        | Noticed a deep troll
   269 | D        | Noticed a centaur warrior
   272 | D        | Found Ogakoico's Armour Emporium.
   274 | D        | Killed a shining eye
   275 | D        | Gained mutation: You are robust. (+10% HP) [Jiyva's grace]
   277 | D        | Noticed a hornet
   277 | D        | Killed a deep troll
   286 | D        | Killed a centaur warrior
   286 | D        | Reached skill level 15 in Spellcasting
   289 | D        | Killed a hornet
   289 | D        | Reached skill level 16 in Spellcasting
   290 | D        | Noticed a centaur warrior
   295 | D        | Killed a centaur warrior
   295 | D        | Reached skill level 17 in Spellcasting
   295 | D        | Reached XP level 9. HP: 19/42 MP: 31/34
   309 | D        | Gained mutation: You have acidic saliva. [Jiyva's grace]
   316 | D        | Gained mutation: You are clumsy. (Dex -2) [Jiyva's grace]
   316 | D        | Lost mutation: You have a pair of small antennae on your
                  | head. [Jiyva's grace]
   316 | D        | Lost mutation: Your mind is acute. (Int +2) [Jiyva's grace]
   329 | D        | Lost mutation: Your system is resistant to poisons. (rPois)
                  | [Jiyva's grace]
   331 | D        | Noticed an oklob plant
   334 | D        | Killed an oklob plant
   420 | D        | Gained mutation: Your body sometimes deteriorates upon
                  | taking damage. [Jiyva's grace]
   461 | D        | Found Umich's Antique Weapon Shoppe.
   461 | D        | Found Nokhle's Weapon Shop.
   461 | D        | Found Ame Tol's Jewellery Boutique.
   463 | D        | Found Himm's Book Emporium.
   463 | D        | Found Diel's Armour Shop.
   463 | D        | Found Dozungu's General Store.
   463 | D        | Found Femongyur's Antique Armour Boutique.
   463 | D        | Found Hiywn's Assorted Antiques.
   463 | D        | Found Olamuh's General Store.
   463 | D        | Found Pefe Lamp's Armour Shoppe.
   467 | D        | Found Souckoc's Armour Boutique.
   468 | D        | Found Corol's General Store.
   468 | D        | Found Qalle Uhi's Gadget Boutique.
   469 | D        | Found Ketuc's Antique Armour Emporium.
   497 | D        | Bought a book of Minor Magic for 240 gold pieces
   500 | D        | Learned a level 2 spell: Slow
   502 | D        | Lost mutation: Your rubbery body absorbs attacks. (AC +1,
                  | EV +1) [Jiyva's grace]
   503 | D        | Learned a level 2 spell: Blink
   540 | D        | Noticed a kobold demonologist
   540 | D        | Noticed a demonic crawler
   541 | D        | Noticed a kobold demonologist
   541 | D        | Noticed a demonic crawler
   541 | D        | Noticed a demonic crawler
   541 | D        | Noticed a demonic crawler
   560 | D        | Killed a shining eye
   562 | D        | Killed a shining eye
   568 | D        | Lost mutation: Your body sometimes deteriorates upon taking
                  | damage. [Jiyva's grace]
   581 | D        | Killed a shining eye
   610 | D        | Lost mutation: You are robust. (+10% HP) [Jiyva's grace]
   615 | D        | Gained mutation: Your translucent skin slightly reduces
                  | your foes' accuracy. (Stealth) [Jiyva's grace]
   627 | D        | Killed a kobold demonologist
   630 | D        | Lost mutation: You are clumsy. (Dex -2) [Jiyva's grace]
   641 | D        | Killed a demonic crawler
   641 | D        | Reached skill level 5 in Short Blades
   643 | D        | Gained mutation: You have a somewhat thin skeletal
                  | structure. (Dex +2, Stealth) [Jiyva's grace]
   644 | D        | Lost mutation: You have an increased reservoir of magic.
                  | (+10% MP) [Jiyva's grace]
   647 | D        | Gained mutation: You are agile. (Dex +2) [Jiyva's grace]
   647 | D        | Gained mutation: You have a moderately thin skeletal
                  | structure. (Dex +4, Stealth+) [Jiyva's grace]
   659 | D        | Got a twisted spear
   668 | D        | Gained mutation: Your translucent skin reduces your foes'
                  | accuracy. (Stealth) [Jiyva's grace]
   674 | D        | Lost mutation: You are agile. (Dex +2) [Jiyva's grace]
   679 | D        | Gained mutation: You are robust. (+10% HP) [Jiyva's grace]
   682 | D        | Gained mutation: You have a pair of small horns on your
                  | head. [Jiyva's grace]
   693 | D        | Noticed a gargoyle
   694 | D        | Gained mutation: You have a small jelly attached to you
                  | that may absorb incoming projectiles. [Jiyva's grace]
   699 | D        | Gained mutation: You evolve. [Jiyva's grace]
   718 | D        | Killed a gargoyle
   721 | D        | Killed a demonic crawler
   752 | D        | Killed a shining eye
   777 | D        | Noticed a lindwurm
   782 | D        | Killed the 27-headed Lernaean hydra
   786 | D        | Killed a lindwurm
   790 | D        | Killed a shining eye
   804 | D        | Identified the +6 spear of Currency {drain, rC+ rN+} (You
                  | found it in the Dungeon)
   833 | D        | Reached skill level 1 in Fighting
   847 | D        | Reached XP level 10. HP: 26/50 MP: 21/32
   853 | D        | Reached skill level 5 in Translocations
   876 | D        | Reached skill level 5 in Fighting
  1000 | D        | Noticed an unseen horror
  1005 | D        | Noticed a 12-headed hydra
  1007 | D        | Killed a 12-headed hydra
  1007 | D        | Reached skill level 10 in Translocations
  1011 | D        | Noticed a merfolk siren
  1011 | D        | Noticed a deep elf annihilator
  1021 | D        | Noticed a shadow dragon
  1023 | D        | Noticed a golden dragon
  1026 | D        | Killed a shadow dragon
  1027 | D        | Killed a shining eye
  1028 | D        | Killed a golden dragon
  1028 | D        | Reached skill level 10 in Fighting
  1028 | D        | Reached skill level 15 in Translocations
  1028 | D        | Reached XP level 11. HP: 52/69 MP: 33/33
  1075 | D        | Gained mutation: Your system is resistant to poisons.
                  | (rPois) [Jiyva's grace]
  1079 | D        | Lost mutation: Your system is resistant to poisons. (rPois)
                  | [Jiyva's grace]
  1082 | D        | Gained mutation: You possess an exceptional clarity of
                  | mind. [Jiyva's grace]
  1085 | D        | Gained mutation: You have a small jelly attached to you
                  | that senses nearby items. [Jiyva's grace]
  1096 | D        | Found Daudotoq's Armour Shoppe.
  1099 | D        | Gained mutation: You have sharp fingernails. [Jiyva's
                  | grace]
  1105 | D        | Gained mutation: Your transparent skin significantly
                  | reduces your foes' accuracy. (Stealth) [Jiyva's grace]
  1106 | D        | Killed a shining eye
  1110 | D        | Lost mutation: You have a small jelly attached to you that
                  | senses nearby items. [Jiyva's grace]
  1113 | D        | Gained mutation: You are very robust. (+20% HP) [Jiyva's
                  | grace]
  1115 | D        | Gained mutation: Your flesh is cold resistant. (rC+)
                  | [Jiyva's grace]
  1118 | D        | Lost mutation: Your transparent skin significantly reduces
                  | your foes' accuracy. (Stealth) [Jiyva's grace]
  1121 | D        | Lost mutation: Your flesh is cold resistant. (rC+) [Jiyva's
                  | grace]
  1121 | D        | Lost mutation: You have a moderately thin skeletal
                  | structure. (Dex +4, Stealth+) [Jiyva's grace]
  1135 | D        | Lost mutation: You have acidic saliva. [Jiyva's grace]
  1145 | D        | Lost mutation: Your translucent skin reduces your foes'
                  | accuracy. (Stealth) [Jiyva's grace]
  1264 | D        | Lost mutation: You have a small jelly attached to you that
                  | may absorb incoming projectiles. [Jiyva's grace]
  1264 | D        | Gained mutation: You are agile. (Dex +2) [Jiyva's grace]
  1282 | D        | Paralysed by a hornet for 1 turns
  1284 | D        | Gained mutation: Your rubbery body absorbs attacks. (AC +1,
                  | EV +1) [Jiyva's grace]
  1290 | D        | HP: 2/75 [hornet (6)]
  1522 | D        | Noticed a flayed ghost
  1536 | D        | Lost mutation: Your translucent skin slightly reduces your
                  | foes' accuracy. (Stealth) [Jiyva's grace]
  1554 | D        | Lost mutation: You possess an exceptional clarity of mind.
                  | [Jiyva's grace]
  1555 | D        | Lost mutation: You evolve. [Jiyva's grace]
  1577 | D        | Lost mutation: You are very robust. (+20% HP) [Jiyva's
                  | grace]
  1593 | D        | Noticed an unseen horror
  1620 | D        | Killed a deep elf annihilator
  1620 | D        | Reached skill level 18 in Spellcasting
  1622 | D        | Lost mutation: You have a pair of small horns on your head.
                  | [Jiyva's grace]
  1622 | D        | Lost mutation: You are robust. (+10% HP) [Jiyva's grace]
  1623 | D        | Noticed a mummy priest
  1649 | D        | Noticed an oklob plant
  1683 | D        | Gained mutation: Armour fits poorly on your pseudopods.
                  | [Jiyva's grace]
  1687 | D        | Noticed a deep elf master archer
  1782 | D        | Gained mutation: Your flesh is heat resistant. (rF+)
                  | [Jiyva's grace]
  1784 | D        | Gained mutation: Armour fits poorly on your large
                  | pseudopods. [Jiyva's grace]
  1787 | D        | Noticed a flayed ghost
  1845 | D        | Lost mutation: Your flesh is heat resistant. (rF+) [Jiyva's
                  | grace]
  1845 | D        | Lost mutation: You are agile. (Dex +2) [Jiyva's grace]
  2072 | D        | Killed an unseen horror
  2096 | D        | Killed a deep elf master archer
  2178 | D        | Bought a graven book for 255 gold pieces
  2346 | D        | Noticed a lorocyproca
  2369 | D        | Killed a lorocyproca
  2400 | D        | Killed from afar by a meliai

Illustrated notes

Levels and vault maps discovered:
D:        dungeon_sprint_1 [red_sonja_temple_1, red_sonja_temple_small_1]

Skill      XL: |  1  2  3  4  5  6  7  8  9 10 11 |
---------------+----------------------------------+-----
Stealth        | 9 14 16 | 16.4
Spellcasting   | 7 8 9 14 17 18 | 18.6
Hexes          | 7 8 10 | 10.1
Dodging        | 11 14 | 14.5
Short Blades   | 9 |  9.2
Fighting       | 2 10 | 10.0
Translocations | 3 15 | 15.9

Action                   |  1- 3 |  4- 6 |  7- 9 | 10-12 || total
-------------------------+-------+-------+-------+-------++-------
Melee: Dagger            |    31 |     8 |    78 |    94 ||   211
       Unarmed           |    10 |       |       |       ||    10
       Bite              |       |       |    10 |     4 ||    14
       Headbutt          |       |       |     8 |    12 ||    20
       Pseudopods        |       |       |       |     1 ||     1
 Cast: Corona            |     1 |       |       |     5 ||     6
       Dazzling Flash    |       |     1 |     7 |    16 ||    24
       Ensorcelled Hiber |       |       |     1 |       ||     1
       Slow              |       |       |     8 |     6 ||    14
       Tukima's Dance    |       |       |     1 |    13 ||    14
       Confusing Touch   |       |       |       |     2 ||     2
Invok: Request Jelly     |       |       |     3 |     4 ||     7
       Slimify           |       |       |     1 |       ||     1
  Use: Potion            |       |       |       |     2 ||     2
       Scroll            |       |       |       |     1 ||     1
 Stab: Confused          |     1 |       |       |       ||     1
       Sleeping          |       |     4 |     2 |     3 ||     9
       Invisible         |       |     1 |     4 |    20 ||    25
       Distracted        |       |       |     1 |       ||     1
Armor: Skin              |    16 |       |       |       ||    16
       Robe              |     1 |     1 |       |       ||     2
       Troll leather arm |       |       |     6 |     4 ||    10
Dodge: Dodged            |    14 |       |   101 |    76 ||   191

Table legend:
 A = Non-vault XP
 B = Vault XP
 C = Vault XP percentage of total XP
 D = Non-vault monster count
 E = Vault monster count
 F = Vault count percentage of total count
                 A         B        C        D         E       F
            +---------+---------+-------+---------+---------+-------
      Total |       0 |   19243 | 100.0 |       0 |      45 | 100.0
            +---------+---------+-------+---------+---------+-------
          D |       0 |   19243 | 100.0 |       0 |      45 | 100.0
            +---------+---------+-------+---------+---------+-------
